TAMPA BAY vs ANAHEIM

Created - Friday, December 15, 2017 at 11:34

Goals
1 2 3 T
TAMPA BAY 1 0 1 2
ANAHEIM 2 0 1 3
Shots
1 2 3 T
TAMPA BAY 4 8 8 20
ANAHEIM 9 11 14 34

1st period

1. ANAHEIM , Evgeny Kuznetsov 11 (Thomas Vanek 8, Lee Stempniak 7) at 0:18
2. TAMPA BAY , Evgeni Malkin 12 (Matt Niskanen 8, Devan Dubnyk) at 2:41
3. ANAHEIM , Thomas Vanek 4 (Ben Lovejoy 11, Mike Green 11) at 4:27

Penalties :
Connor McDavid (ANA) for Fighting (Major) at 4:42, Derek Ryan (TB ) for Fighting (Major) at 4:42, Erik Gudbranson (ANA) for Hooking (Minor) at 18:04

2nd period

No Goal

Penalties :
Torey Krug (TB ) for Hooking (Minor) at 6:02, Torey Krug (TB ) for Interference (Minor) at 9:05, Alexandre Burrows (ANA) for Holding (Minor) at 11:12, Marc-Edouard Vlasic (TB ) for Tripping (Minor) at 11:12, Connor McDavid (ANA) for High sticking (Minor) at 11:33

3rd period

4. ANAHEIM , Gustav Nyquist 4 (Andrew Shaw 3, Karl Alzner 7) at 4:21
5. TAMPA BAY , Elias Lindholm 6 (Torey Krug 10, Alexander Wennberg 13) at 8:43

Penalties :
Evgeny Kuznetsov (ANA) for Boarding (Minor) at 0:33, Andrej Sekera (TB ) for Roughing (Minor) at 4:49, David Perron (ANA) for Interference (Minor) at 12:45

Goalie Stats

Devan Dubnyk (TB ), 31 saves from 34 shots - (0.912), L, 10-10-3, 59:13 minutes
Cam Talbot (ANA), 18 saves from 20 shots - (0.900), W, 13-7-5, 60:00 minutes

Players Stats for TAMPA BAY

Player Name              G  A  P  +/- PIM S  H  SB GA TA FO     MP     PP MP  PK MP  
------------------------------------------------------------------------------------
Alexander Wennberg       0  1  1   1  0   2  1  0  0  0  9/29   18:02   3:03   3:54 
Andrej Sekera            0  0  0  -2  2   1  2  2  0  0  0/0    21:09   3:14   1:56 
Brendan Perlini          0  0  0   0  0   0  0  0  0  0  0/0     9:48   0:00   0:00 
Charlie Coyle            0  0  0  -1  0   0  2  0  0  0  0/0    15:35   3:15   0:00 
Derek Ryan               0  0  0   0  5   1  0  0  0  0  5/10    7:52   0:00   0:00 
Elias Lindholm           1  0  1   1  0   3  2  0  0  0  1/1    17:40   0:00   3:54 
Evgeni Malkin            1  0  1  -1  0   5  0  0  0  0  11/20  19:11   3:15   2:03 
John Klingberg           0  0  0  -2  0   2  1  3  0  0  0/0    22:25   3:04   2:46 
Kyle Turris              0  0  0  -1  0   2  0  0  0  0  8/15   18:41   3:03   2:03 
Marc-Edouard Vlasic      0  0  0   0  2   0  0  0  0  0  0/0    18:23   0:00   3:11 
Mark Streit              0  0  0   1  0   0  0  1  0  0  0/0    15:21   0:00   0:18 
Mathieu Perreault        0  0  0  -1  0   1  4  0  0  0  0/2    13:46   0:00   0:00 
Matt Niskanen            0  1  1   1  0   0  2  1  0  0  0/0    22:08   3:14   2:46 
Nick Ritchie             0  0  0   0  0   0  0  0  0  0  0/1     9:48   0:00   0:00 
Robby Fabbri             0  0  0  -1  0   0  1  0  0  0  0/0    11:57   0:00   0:00 
Sebastian Aho            0  0  0  -1  0   0  0  1  0  0  0/1    15:35   3:15   0:00 
Tanner Pearson           0  0  0   1  0   3  0  0  0  0  0/1    14:08   3:03   0:00 
Torey Krug               0  1  1   0  4   0  2  2  0  0  0/0    20:30   3:04   0:57 

Players Stats for ANAHEIM

Player Name              G  A  P  +/- PIM S  H  SB GA TA FO     MP     PP MP  PK MP  
------------------------------------------------------------------------------------
Alexandre Burrows        0  0  0   0  2   0  0  0  0  0  1/2    13:34   0:00   0:00 
Andrew Shaw              0  1  1   1  0   0  1  0  0  0  2/3     5:01   0:00   0:00 
Anton Stralman           0  0  0   0  0   1  2  1  0  0  0/0    25:51   2:57   4:52 
Ben Lovejoy              0  1  1   1  0   1  0  1  0  0  0/0    21:04   3:00   3:04 
Benoit Pouliot           0  0  0   0  0   0  0  0  0  0  0/1     1:18   0:00   1:18 
Brett Ritchie            0  0  0   1  0   1  0  0  0  0  0/0     5:01   0:00   0:00 
Connor McDavid           0  0  0   0  7   5  1  0  0  0  23/31  17:53   3:08   4:44 
David Perron             0  0  0   0  2   4  2  0  0  0  1/5    14:14   0:00   3:03 
Erik Gudbranson          0  0  0   0  2   0  0  0  0  0  0/0    13:04   0:00   0:00 
Evgeny Kuznetsov         1  0  1   0  2   4  1  0  0  0  14/25  22:00   2:49   3:09 
Gustav Nyquist           1  0  1   1  0   4  0  0  0  0  0/0     7:50   2:49   0:00 
Jacob Josefson           0  0  0   0  0   0  1  0  0  0  3/10   15:21   0:00   0:00 
Karl Alzner              0  1  1   0  0   0  0  1  0  0  0/0    25:51   2:57   4:52 
Kris Russell             0  0  0   0  0   0  0  0  0  0  0/0    13:05   0:00   0:00 
Lee Stempniak            0  1  1   0  0   2  0  0  0  0  1/2    19:56   3:08   0:50 
Michael Frolik           0  0  0   0  0   2  1  0  0  0  0/0    16:02   3:08   0:50 
Mike Green               0  1  1   1  0   5  1  0  0  0  0/0    21:04   3:00   3:04 
Sam Reinhart             0  0  0   0  0   1  0  0  0  0  1/1    13:55   0:00   0:20 
Thomas Vanek             1  1  2   0  0   4  0  0  0  0  0/0    17:55   2:49   0:00 

3 Stars

1 - Thomas Vanek (ANA)
2 - Elias Lindholm (TB )
3 - Gustav Nyquist (ANA)

Power Play

TAMPA BAY - 0 on 4 Attempt(s) - 0.00%
ANAHEIM - 0 on 3 Attempt(s) - 0.00%

Penalty Kill

TAMPA BAY - 3 on 3 Attempt(s) - 100.00% - Score 0 goal in Penalty Kill
ANAHEIM - 4 on 4 Attempt(s) - 100.00% - Score 0 goal in Penalty Kill

Team Stat

TAMPA BAY - Hits : 17 - Faceoff Wins : 34 - Blocked Shots : 10 - Penalty Minutes : 13
ANAHEIM - Hits : 10 - Faceoff Wins : 46 - Blocked Shots : 3 - Penalty Minutes : 15

Official

Referees : Unknown
Linesman : Unknown

Game Notes

Connor McDavid beats up Derek Ryan at 4:42 of 1st period

Finance

Level 1 -- Attendance: 5234 (87.23%) -- Ticket Income $465,826
Level 2 -- Attendance: 5000 (100.00%) -- Ticket Income $270,000
Level 3 -- Attendance: 2000 (100.00%) -- Ticket Income $56,000
Level 4 -- Attendance: 2928 (73.20%) -- Ticket Income $61,488
Luxury Box -- Attendance: 706 (70.60%) -- Ticket Income $131,316
Game was played at the Honda Center.
Total Attendance: 15868 (88.16%)
Total Ticket Income: $984,630
Total Income: $984,630

TAMPA BAY

5 vs 5 Forward 
   Center                   Left Wing                Right Wing               Time % Phy DF OF 
 1 Evgeni Malkin            Sebastian Aho            Charlie Coyle            28     0   2  3  
 2 Alexander Wennberg       Tanner Pearson           Elias Lindholm           25     0   3  2  
 3 Kyle Turris              Mathieu Perreault        Robby Fabbri             25     0   2  3  
 4 Derek Ryan               Brendan Perlini          Nick Ritchie             22     1   2  2  

5 vs 5 Defense 
   Defense                  Defense                                           Time % Phy DF OF 
 1 John Klingberg           Andrej Sekera                                     34     1   2  2  
 2 Torey Krug               Marc-Edouard Vlasic                               33     1   2  2  
 3 Mark Streit              Matt Niskanen                                     33     0   3  2  
 4 Mark Streit              Matt Niskanen                                     0      1   2  2  

PowerPlay Forward 
   Center                   Left Wing                Right Wing               Time % Phy DF OF 
 1 Evgeni Malkin            Sebastian Aho            Charlie Coyle            60     1   2  2  
 2 Alexander Wennberg       Tanner Pearson           Kyle Turris              40     1   2  2  

PowerPlay Defense
   Defense                  Defense                                           Time % Phy DF OF 
 1 John Klingberg           Torey Krug                                        60     1   2  2  
 2 Andrej Sekera            Matt Niskanen                                     40     1   2  2  

Penalty Kill 4 Players Forward 
   Center                   Wing                     Time % Phy DF OF 
 1 Alexander Wennberg       Elias Lindholm           60     1   3  1  
 2 Evgeni Malkin            Kyle Turris              40     1   3  1  

Penalty Kill 4 Players Defense
   Defense                  Defense                  Time % Phy DF OF 
 1 Marc-Edouard Vlasic      Andrej Sekera            60     1   3  1  
 2 Matt Niskanen            John Klingberg           40     1   3  1  

Penalty Kill - 3 Players Forward 
   Forward                                           Time % Phy DF OF 
 1 Elias Lindholm                                    60     1   3  1  
 2 Alexander Wennberg                                40     1   3  1  

Penalty Kill - 3 Players Defense
   Defense                  Defense                  Time % Phy DF OF 
 1 Marc-Edouard Vlasic      Matt Niskanen            60     1   3  1  
 2 John Klingberg           Andrej Sekera            40     1   3  1  

4 vs 4 Forward 
   Center                   Wing                     Time % Phy DF OF 
 1 Kyle Turris              Elias Lindholm           60     1   2  2  
 2 Evgeni Malkin            Mathieu Perreault        40     1   2  2  

4 vs 4 Defense
   Defense                  Defense                  Time % Phy DF OF 
 1 John Klingberg           Marc-Edouard Vlasic      60     1   2  2  
 2 Torey Krug               Andrej Sekera            40     1   2  2  

Last Minutes Offensive
   Center                   Left Wing                Right Wing               Defense                  Defense                  
   Evgeni Malkin            Mathieu Perreault        Kyle Turris              John Klingberg           Torey Krug               

Last Minutes Defensive
   Center                   Left Wing                Right Wing               Defense                  Defense                  
   Evgeni Malkin            Elias Lindholm           Kyle Turris              John Klingberg           Andrej Sekera            

Goaltenders
Starting : Devan Dubnyk             
Backup : Aaron Dell               

Extra Forwards
Normal : Mathieu Perreault, Robby Fabbri, Elias Lindholm - PP : Mathieu Perreault, Robby Fabbri - PK : Mathieu Perreault
Extra Defensemen
Normal : Matt Niskanen, Mark Streit, Torey Krug - PP : Mark Streit - PK : Torey Krug, Mark Streit
Penalty Shots
Evgeni Malkin, Sebastian Aho, Kyle Turris, Mathieu Perreault, Brendan Perlini

Scratches
TB CAP HIT (Suspend), Brandon Montour (Healthy), Tomas Jurco (Healthy)

ANAHEIM

5 vs 5 Forward 
   Center                   Left Wing                Right Wing               Time % Phy DF OF 
 1 Evgeny Kuznetsov         Thomas Vanek             Lee Stempniak            35     1   2  2  
 2 Connor McDavid           Michael Frolik           David Perron             30     1   2  2  
 3 Jacob Josefson           Alexandre Burrows        Sam Reinhart             25     1   2  2  
 4 Andrew Shaw              Gustav Nyquist           Brett Ritchie            10     1   2  2  

5 vs 5 Defense 
   Defense                  Defense                                           Time % Phy DF OF 
 1 Anton Stralman           Karl Alzner                                       35     1   2  2  
 2 Mike Green               Ben Lovejoy                                       30     1   2  2  
 3 Kris Russell             Erik Gudbranson                                   25     1   2  2  
 4 Anton Stralman           Karl Alzner                                       10     1   2  2  

PowerPlay Forward 
   Center                   Left Wing                Right Wing               Time % Phy DF OF 
 1 Connor McDavid           Michael Frolik           Lee Stempniak            60     1   2  2  
 2 Evgeny Kuznetsov         Thomas Vanek             Gustav Nyquist           40     1   2  2  

PowerPlay Defense
   Defense                  Defense                                           Time % Phy DF OF 
 1 Anton Stralman           Karl Alzner                                       60     1   2  2  
 2 Mike Green               Ben Lovejoy                                       40     1   2  2  

Penalty Kill 4 Players Forward 
   Center                   Wing                     Time % Phy DF OF 
 1 Connor McDavid           Evgeny Kuznetsov         60     1   2  2  
 2 Lee Stempniak            Michael Frolik           40     1   2  2  

Penalty Kill 4 Players Defense
   Defense                  Defense                  Time % Phy DF OF 
 1 Anton Stralman           Karl Alzner              60     1   2  2  
 2 Mike Green               Ben Lovejoy              40     1   2  2  

Penalty Kill - 3 Players Forward 
   Forward                                           Time % Phy DF OF 
 1 Connor McDavid                                    60     1   2  2  
 2 Evgeny Kuznetsov                                  40     1   2  2  

Penalty Kill - 3 Players Defense
   Defense                  Defense                  Time % Phy DF OF 
 1 Anton Stralman           Karl Alzner              60     1   2  2  
 2 Mike Green               Ben Lovejoy              40     1   2  2  

4 vs 4 Forward 
   Center                   Wing                     Time % Phy DF OF 
 1 Connor McDavid           Evgeny Kuznetsov         60     1   2  2  
 2 Lee Stempniak            Michael Frolik           40     1   2  2  

4 vs 4 Defense
   Defense                  Defense                  Time % Phy DF OF 
 1 Anton Stralman           Karl Alzner              60     1   2  2  
 2 Mike Green               Ben Lovejoy              40     1   2  2  

Last Minutes Offensive
   Center                   Left Wing                Right Wing               Defense                  Defense                  
   Connor McDavid           Michael Frolik           Lee Stempniak            Anton Stralman           Karl Alzner              

Last Minutes Defensive
   Center                   Left Wing                Right Wing               Defense                  Defense                  
   Connor McDavid           Michael Frolik           Lee Stempniak            Anton Stralman           Karl Alzner              

Goaltenders
Starting : Cam Talbot               
Backup : Peter Budaj              

Extra Forwards
Normal : Jacob Josefson, Sam Reinhart, David Perron - PP : Jacob Josefson, Sam Reinhart - PK : David Perron
Extra Defensemen
Normal : Kris Russell, Erik Gudbranson, Mike Green - PP : Kris Russell - PK : Erik Gudbranson, Mike Green
Penalty Shots
Connor McDavid, Evgeny Kuznetsov, Thomas Vanek, David Perron, Sam Reinhart

Scratches
ANA CAP HIT (Suspend), Mark Fayne (Healthy)

% Time on Ice - TAMPA BAY

Lines # - Real PCT - Wanted PCT - Time Play
Normal Forward
1 - 28% - 28% - 12:20
2 - 25% - 25% - 11:05
3 - 26% - 25% - 11:33
4 - 22% - 22% - 9:48
Normal Defense
1 - 32% - 34% - 14:30
2 - 34% - 33% - 15:13
3 - 33% - 33% - 14:43
4 - 1% - 0% - 0:20
PP Forward
1 - 52% - 60% - 3:15
2 - 48% - 40% - 3:03
PP Defense
1 - 49% - 60% - 3:04
2 - 51% - 40% - 3:14
PK Forward
1 - 66% - 60% - 3:54
2 - 34% - 40% - 2:03
PK Defense
1 - 54% - 60% - 3:11
2 - 46% - 40% - 2:46
PK3 Forward
1 - 0% - 60%
2 - 0% - 40%
PK3 Defense
1 - 0% - 60%
2 - 0% - 40%
44 Forward
1 - 72% - 60% - 1:26
2 - 28% - 40% - 0:33
44 Defense
1 - 55% - 60% - 1:05
2 - 45% - 40% - 0:54
Last Minute Offensive  - 1:00
Last Minute Defensive  - 0:00
Total
Forward - 60:00
Defense - 60:00

% Time on Ice - ANAHEIM

Lines # - Real PCT - Wanted PCT - Time Play
Normal Forward
1 - 34% - 35% - 15:06
2 - 25% - 30% - 11:12
3 - 30% - 25% - 13:35
4 - 11% - 10% - 5:01
Normal Defense
1 - 34% - 35% - 15:16
2 - 33% - 30% - 15:00
3 - 29% - 25% - 13:05
4 - 3% - 10% - 1:33
PP Forward
1 - 53% - 60% - 3:08
2 - 47% - 40% - 2:49
PP Defense
1 - 50% - 60% - 2:57
2 - 50% - 40% - 3:00
PK Forward
1 - 87% - 60% - 5:28
2 - 13% - 40% - 0:50
PK Defense
1 - 63% - 60% - 3:57
2 - 37% - 40% - 2:21
PK3 Forward
1 - 100% - 60% - 1:38
2 - 0% - 40% - 0:00
PK3 Defense
1 - 56% - 60% - 0:55
2 - 44% - 40% - 0:43
44 Forward
1 - 100% - 60% - 0:21
2 - 0% - 40% - 0:00
44 Defense
1 - 100% - 60% - 0:21
2 - 0% - 40% - 0:00
Last Minute Offensive  - 0:00
Last Minute Defensive  - 0:52
Total
Forward - 60:00
Defense - 60:00

Play by Play

1st period


0:01 of 1st period - Evgeni Malkin wins face-off versus Evgeny Kuznetsov in neutral zone.
0:03 of 1st period - Andrej Sekera is hit by Anton Stralman and loses puck.
0:18 of 1st period - Shot by Thomas Vanek.
0:18 of 1st period - Deflect By Evgeny Kuznetsov.
0:18 of 1st period - Goal by Evgeny Kuznetsov - TAMPA BAY : 0 - ANAHEIM : 1.
0:19 of 1st period - Connor McDavid wins face-off versus Tanner Pearson in neutral zone.
0:50 of 1st period - Tanner Pearson is hit by David Perron and loses puck.
0:57 of 1st period - Shot by Connor McDavid.
0:57 of 1st period - Shot Blocked by Torey Krug.
1:14 of 1st period - Icing by Alexander Wennberg.
1:15 of 1st period - Alexander Wennberg wins face-off versus Jacob Josefson in TAMPA BAY zone.
1:23 of 1st period - Off-side.
1:24 of 1st period - Kyle Turris wins face-off versus Evgeny Kuznetsov in neutral zone.
1:39 of 1st period - Shot by Kyle Turris.
1:39 of 1st period - Stopped by Cam Talbot without a rebound.
1:40 of 1st period - Derek Ryan wins face-off versus Jacob Josefson in ANAHEIM zone.
2:41 of 1st period - Shot by Evgeni Malkin.
2:41 of 1st period - Goal by Evgeni Malkin - TAMPA BAY : 1 - ANAHEIM : 1.
2:42 of 1st period - Andrew Shaw wins face-off versus Kyle Turris in neutral zone.
3:27 of 1st period - Anton Stralman is hit by Robby Fabbri and loses puck.
3:54 of 1st period - Evgeni Malkin is hit by Mike Green and loses puck.
4:17 of 1st period - Shot by Lee Stempniak.
4:17 of 1st period - Shot Misses the Net.
4:21 of 1st period - Shot by Thomas Vanek.
4:21 of 1st period - Stopped by Devan Dubnyk with a rebound.
4:23 of 1st period - Shot by Mike Green.
4:23 of 1st period - Shot Misses the Net.
4:27 of 1st period - Shot by Thomas Vanek.
4:27 of 1st period - Goal by Thomas Vanek - TAMPA BAY : 1 - ANAHEIM : 2.
4:28 of 1st period - Connor McDavid wins face-off versus Derek Ryan in neutral zone.
4:42 of 1st period - Connor McDavid beats up Derek Ryan.
4:42 of 1st period - Penalty to Connor McDavid for Fighting.
4:42 of 1st period - Penalty to Derek Ryan for Fighting.
4:43 of 1st period - Alexander Wennberg wins face-off versus Alexandre Burrows in ANAHEIM zone.
5:08 of 1st period - Shot by Elias Lindholm.
5:08 of 1st period - Deflect By Alexander Wennberg.
5:08 of 1st period - Stopped by Cam Talbot without a rebound.
5:09 of 1st period - Evgeni Malkin wins face-off versus Evgeny Kuznetsov in ANAHEIM zone.
5:34 of 1st period - Shot by Evgeny Kuznetsov.
5:34 of 1st period - Shot Misses the Net.
6:25 of 1st period - Shot by David Perron.
6:25 of 1st period - Stopped by Devan Dubnyk with a rebound.
7:03 of 1st period - Shot by Andrew Shaw.
7:03 of 1st period - Shot Misses the Net.
7:05 of 1st period - Shot by Gustav Nyquist.
7:05 of 1st period - Stopped by Devan Dubnyk with a rebound.
7:15 of 1st period - Shot by Andrew Shaw.
7:15 of 1st period - Shot Misses the Net.
7:25 of 1st period - Shot by Gustav Nyquist.
7:25 of 1st period - Deflect By Brett Ritchie.
7:25 of 1st period - Shot Misses the Net.
7:38 of 1st period - Icing by Mathieu Perreault.
7:39 of 1st period - Evgeny Kuznetsov wins face-off versus Mathieu Perreault in TAMPA BAY zone.
7:54 of 1st period - Shot by Evgeny Kuznetsov.
7:54 of 1st period - Shot Misses the Net.
8:00 of 1st period - Shot by Evgeny Kuznetsov.
8:00 of 1st period - Shot Misses the Net.
8:02 of 1st period - Shot by Lee Stempniak.
8:02 of 1st period - Deflect By Evgeny Kuznetsov.
8:02 of 1st period - Stopped by Devan Dubnyk without a rebound.
8:03 of 1st period - Jacob Josefson wins face-off versus Alexander Wennberg in TAMPA BAY zone.
9:34 of 1st period - Off-side.
9:35 of 1st period - Kyle Turris wins face-off versus Evgeny Kuznetsov in neutral zone.
10:11 of 1st period - Thomas Vanek is hit by Torey Krug.
10:55 of 1st period - Mark Streit is hit by Andrew Shaw and loses puck.
11:19 of 1st period - Andrew Shaw is hit by Matt Niskanen and loses puck.
12:12 of 1st period - Icing by Anton Stralman.
12:13 of 1st period - Connor McDavid wins face-off versus Kyle Turris in ANAHEIM zone.
12:59 of 1st period - Shot by Erik Gudbranson.
12:59 of 1st period - Shot Misses the Net.
13:13 of 1st period - Shot by Sam Reinhart.
13:13 of 1st period - Stopped by Devan Dubnyk with a rebound.
14:02 of 1st period - Icing by Marc-Edouard Vlasic.
14:03 of 1st period - Alexander Wennberg wins face-off versus Evgeny Kuznetsov in TAMPA BAY zone.
14:16 of 1st period - Shot by Thomas Vanek.
14:16 of 1st period - Stopped by Devan Dubnyk without a rebound.
14:17 of 1st period - Derek Ryan wins face-off versus Connor McDavid in TAMPA BAY zone.
15:03 of 1st period - Mark Streit is hit by Michael Frolik.
15:17 of 1st period - Shot by Elias Lindholm.
15:17 of 1st period - Stopped by Cam Talbot without a rebound.
15:18 of 1st period - Evgeny Kuznetsov wins face-off versus Evgeni Malkin in ANAHEIM zone.
15:23 of 1st period - Shot by Thomas Vanek.
15:23 of 1st period - Stopped by Devan Dubnyk without a rebound.
15:24 of 1st period - Evgeny Kuznetsov wins face-off versus Alexander Wennberg in TAMPA BAY zone.
16:28 of 1st period - Jacob Josefson is hit by Mathieu Perreault and loses puck.
16:40 of 1st period - Icing by Ben Lovejoy.
16:41 of 1st period - Derek Ryan wins face-off versus Jacob Josefson in ANAHEIM zone.
17:41 of 1st period - Erik Gudbranson is hit by Mathieu Perreault.
18:04 of 1st period - Minor Penalty to Erik Gudbranson for Hooking.
18:05 of 1st period - Connor McDavid wins face-off versus Sebastian Aho in ANAHEIM zone.
18:32 of 1st period - Shot by Andrej Sekera.
18:32 of 1st period - Shot Misses the Net.
18:47 of 1st period - Off-side.
18:48 of 1st period - Connor McDavid wins face-off versus Alexander Wennberg in neutral zone.
Goals for this period are 1 for TAMPA BAY vs 2 for ANAHEIM.
Shots for this period are 4 for TAMPA BAY vs 9 for ANAHEIM.

2nd period


0:01 of 2nd period - Evgeni Malkin wins face-off versus Connor McDavid in neutral zone.
1:22 of 2nd period - Icing by Karl Alzner.
1:23 of 2nd period - Kyle Turris wins face-off versus Evgeny Kuznetsov in ANAHEIM zone.
1:50 of 2nd period - Off-side.
1:51 of 2nd period - Evgeni Malkin wins face-off versus Connor McDavid in neutral zone.
3:08 of 2nd period - Shot by Mathieu Perreault.
3:08 of 2nd period - Shot Misses the Net.
4:03 of 2nd period - Shot by Lee Stempniak.
4:03 of 2nd period - Stopped by Devan Dubnyk without a rebound.
4:04 of 2nd period - Connor McDavid wins face-off versus Derek Ryan in TAMPA BAY zone.
4:05 of 2nd period - Shot by Michael Frolik.
4:05 of 2nd period - Stopped by Devan Dubnyk without a rebound.
4:06 of 2nd period - Connor McDavid wins face-off versus Derek Ryan in TAMPA BAY zone.
4:29 of 2nd period - Shot by Connor McDavid.
4:29 of 2nd period - Shot Hit the Post.
4:31 of 2nd period - Shot by Karl Alzner.
4:31 of 2nd period - Shot Misses the Net.
4:35 of 2nd period - Shot by Anton Stralman.
4:35 of 2nd period - Stopped by Devan Dubnyk without a rebound.
4:36 of 2nd period - Evgeni Malkin wins face-off versus Evgeny Kuznetsov in TAMPA BAY zone.
5:01 of 2nd period - Shot by Evgeny Kuznetsov.
5:01 of 2nd period - Shot Misses the Net.
5:07 of 2nd period - Shot by Evgeni Malkin.
5:07 of 2nd period - Stopped by Cam Talbot without a rebound.
5:08 of 2nd period - Alexandre Burrows wins face-off versus Alexander Wennberg in ANAHEIM zone.
6:02 of 2nd period - Minor Penalty to Torey Krug for Hooking.
6:03 of 2nd period - Connor McDavid wins face-off versus Alexander Wennberg in TAMPA BAY zone.
6:08 of 2nd period - Shot by Connor McDavid.
6:08 of 2nd period - Stopped by Devan Dubnyk without a rebound.
6:09 of 2nd period - Elias Lindholm wins face-off versus Connor McDavid in TAMPA BAY zone.
6:18 of 2nd period - Shot by Mike Green.
6:18 of 2nd period - Stopped by Devan Dubnyk without a rebound.
6:19 of 2nd period - Connor McDavid wins face-off versus Alexander Wennberg in TAMPA BAY zone.
6:48 of 2nd period - Shot by Connor McDavid.
6:48 of 2nd period - Deflect By Michael Frolik.
6:48 of 2nd period - Stopped by Devan Dubnyk without a rebound.
6:49 of 2nd period - Evgeny Kuznetsov wins face-off versus Alexander Wennberg in TAMPA BAY zone.
7:55 of 2nd period - Shot by Mike Green.
7:55 of 2nd period - Stopped by Devan Dubnyk without a rebound.
7:56 of 2nd period - Alexander Wennberg wins face-off versus Lee Stempniak in TAMPA BAY zone.
8:13 of 2nd period - Off-side.
8:14 of 2nd period - Connor McDavid wins face-off versus Mathieu Perreault in neutral zone.
8:43 of 2nd period - Shot by Michael Frolik.
8:43 of 2nd period - Deflect By Connor McDavid.
8:43 of 2nd period - Stopped by Devan Dubnyk without a rebound.
8:44 of 2nd period - Evgeni Malkin wins face-off versus Jacob Josefson in TAMPA BAY zone.
8:54 of 2nd period - Torey Krug is hit by Jacob Josefson.
9:00 of 2nd period - Shot by Sam Reinhart.
9:00 of 2nd period - Shot Misses the Net.
9:02 of 2nd period - Shot by Karl Alzner.
9:02 of 2nd period - Deflect By Alexandre Burrows.
9:02 of 2nd period - Shot Blocked by Torey Krug.
9:05 of 2nd period - Minor Penalty to Torey Krug for Interference.
9:06 of 2nd period - Connor McDavid wins face-off versus Alexander Wennberg in TAMPA BAY zone.
9:11 of 2nd period - Shot by Mike Green.
9:11 of 2nd period - Stopped by Devan Dubnyk without a rebound.
9:12 of 2nd period - Connor McDavid wins face-off versus Alexander Wennberg in TAMPA BAY zone.
10:07 of 2nd period - Evgeny Kuznetsov is hit by Elias Lindholm and loses puck.
11:11 of 2nd period - Icing by Brendan Perlini.
11:12 of 2nd period - Jacob Josefson wins face-off versus Derek Ryan in TAMPA BAY zone.
11:12 of 2nd period - Minor Penalty to Alexandre Burrows for Holding.
11:12 of 2nd period - Minor Penalty to Marc-Edouard Vlasic for Tripping.
11:13 of 2nd period - Kyle Turris wins face-off versus Connor McDavid in TAMPA BAY zone.
11:17 of 2nd period - Torey Krug is hit by Evgeny Kuznetsov and loses puck.
11:29 of 2nd period - Elias Lindholm is hit by Connor McDavid and loses puck.
11:33 of 2nd period - Minor Penalty to Connor McDavid for High sticking.
11:34 of 2nd period - David Perron wins face-off versus Kyle Turris in ANAHEIM zone.
11:42 of 2nd period - Off-side.
11:43 of 2nd period - Kyle Turris wins face-off versus David Perron in neutral zone.
11:48 of 2nd period - Shot by Kyle Turris.
11:48 of 2nd period - Deflect By Elias Lindholm.
11:48 of 2nd period - Stopped by Cam Talbot without a rebound.
11:49 of 2nd period - Kyle Turris wins face-off versus David Perron in ANAHEIM zone.
11:54 of 2nd period - Shot by Elias Lindholm.
11:54 of 2nd period - Deflect By Kyle Turris.
11:54 of 2nd period - Shot Blocked by Anton Stralman.
12:10 of 2nd period - Shot by David Perron.
12:10 of 2nd period - Stopped by Devan Dubnyk with a rebound.
12:12 of 2nd period - Shot by Anton Stralman.
12:12 of 2nd period - Shot Blocked by Matt Niskanen.
12:26 of 2nd period - Shot by Evgeny Kuznetsov.
12:26 of 2nd period - Shot Misses the Net.
12:51 of 2nd period - Off-side.
12:52 of 2nd period - Evgeni Malkin wins face-off versus David Perron in neutral zone.
12:59 of 2nd period - Shot by Torey Krug.
12:59 of 2nd period - Shot Misses the Net.
13:13 of 2nd period - Shot by David Perron.
13:13 of 2nd period - Stopped by Devan Dubnyk without a rebound.
13:14 of 2nd period - Sam Reinhart wins face-off versus Evgeni Malkin in TAMPA BAY zone.
13:31 of 2nd period - Shot by John Klingberg.
13:31 of 2nd period - Stopped by Cam Talbot without a rebound.
13:32 of 2nd period - Alexander Wennberg wins face-off versus David Perron in ANAHEIM zone.
13:33 of 2nd period - Shot by Tanner Pearson.
13:33 of 2nd period - Stopped by Cam Talbot without a rebound.
13:34 of 2nd period - Evgeny Kuznetsov wins face-off versus Derek Ryan in ANAHEIM zone.
13:53 of 2nd period - Shot by Thomas Vanek.
13:53 of 2nd period - Shot Misses the Net.
14:10 of 2nd period - Derek Ryan is hit by Anton Stralman and loses puck.
14:42 of 2nd period - Shot by Charlie Coyle.
14:42 of 2nd period - Shot Hit the Post.
15:13 of 2nd period - Icing by Karl Alzner.
15:14 of 2nd period - Evgeny Kuznetsov wins face-off versus Alexander Wennberg in ANAHEIM zone.
15:40 of 2nd period - Shot by Tanner Pearson.
15:40 of 2nd period - Shot Blocked by Ben Lovejoy.
15:48 of 2nd period - Shot by Tanner Pearson.
15:48 of 2nd period - Stopped by Cam Talbot with a rebound.
15:50 of 2nd period - Shot by Tanner Pearson.
15:50 of 2nd period - Stopped by Cam Talbot without a rebound.
15:51 of 2nd period - Kyle Turris wins face-off versus Jacob Josefson in ANAHEIM zone.
16:04 of 2nd period - Shot by Mathieu Perreault.
16:04 of 2nd period - Stopped by Cam Talbot with a rebound.
16:06 of 2nd period - Shot by Kyle Turris.
16:06 of 2nd period - Stopped by Cam Talbot without a rebound.
16:07 of 2nd period - Connor McDavid wins face-off versus Evgeni Malkin in ANAHEIM zone.
16:07 of 2nd period - Connor McDavid is hit by Charlie Coyle.
16:36 of 2nd period - Shot by Michael Frolik.
16:36 of 2nd period - Shot Misses the Net.
16:38 of 2nd period - Shot by Ben Lovejoy.
16:38 of 2nd period - Shot Blocked by Sebastian Aho.
17:19 of 2nd period - Shot by Sam Reinhart.
17:19 of 2nd period - Shot Blocked by Andrej Sekera.
17:51 of 2nd period - Off-side.
17:52 of 2nd period - Andrew Shaw wins face-off versus Kyle Turris in neutral zone.
18:50 of 2nd period - Thomas Vanek is hit by Mathieu Perreault.
19:31 of 2nd period - Evgeny Kuznetsov is hit by Matt Niskanen and loses puck.
Goals for this period are 0 for TAMPA BAY vs 0 for ANAHEIM.
Shots for this period are 8 for TAMPA BAY vs 11 for ANAHEIM.

3rd period


0:01 of 3rd period - Evgeny Kuznetsov wins face-off versus Nick Ritchie in neutral zone.
0:08 of 3rd period - Shot by Evgeny Kuznetsov.
0:08 of 3rd period - Stopped by Devan Dubnyk without a rebound.
0:09 of 3rd period - Alexander Wennberg wins face-off versus Evgeny Kuznetsov in TAMPA BAY zone.
0:33 of 3rd period - Minor Penalty to Evgeny Kuznetsov for Boarding.
0:34 of 3rd period - Connor McDavid wins face-off versus Evgeni Malkin in ANAHEIM zone.
1:12 of 3rd period - Off-side.
1:13 of 3rd period - Connor McDavid wins face-off versus Alexander Wennberg in neutral zone.
1:43 of 3rd period - Shot by Andrej Sekera.
1:43 of 3rd period - Stopped by Cam Talbot with a rebound.
1:50 of 3rd period - Icing by Andrej Sekera.
1:51 of 3rd period - Alexander Wennberg wins face-off versus Connor McDavid in TAMPA BAY zone.
2:38 of 3rd period - Shot by Lee Stempniak.
2:38 of 3rd period - Stopped by Devan Dubnyk with a rebound.
2:40 of 3rd period - Shot by Evgeny Kuznetsov.
2:40 of 3rd period - Shot Misses the Net.
2:42 of 3rd period - Shot by Lee Stempniak.
2:42 of 3rd period - Shot Misses the Net.
4:21 of 3rd period - Shot by Andrew Shaw.
4:21 of 3rd period - Deflect By Gustav Nyquist.
4:21 of 3rd period - Goal by Gustav Nyquist - TAMPA BAY : 1 - ANAHEIM : 3.
4:22 of 3rd period - Connor McDavid wins face-off versus Alexander Wennberg in neutral zone.
4:40 of 3rd period - David Perron is hit by Andrej Sekera and loses puck.
4:46 of 3rd period - Connor McDavid is hit by Andrej Sekera.
4:49 of 3rd period - Minor Penalty to Andrej Sekera for Roughing.
4:50 of 3rd period - Evgeny Kuznetsov wins face-off versus Alexander Wennberg in TAMPA BAY zone.
4:53 of 3rd period - Shot by Mike Green.
4:53 of 3rd period - Stopped by Devan Dubnyk without a rebound.
4:54 of 3rd period - Alexander Wennberg wins face-off versus Evgeny Kuznetsov in TAMPA BAY zone.
5:17 of 3rd period - Shot by Gustav Nyquist.
5:17 of 3rd period - Stopped by Devan Dubnyk without a rebound.
5:18 of 3rd period - Connor McDavid wins face-off versus Alexander Wennberg in TAMPA BAY zone.
5:31 of 3rd period - Shot by Connor McDavid.
5:31 of 3rd period - Shot Misses the Net.
5:41 of 3rd period - Shot by Connor McDavid.
5:41 of 3rd period - Stopped by Devan Dubnyk without a rebound.
5:42 of 3rd period - Evgeni Malkin wins face-off versus Evgeny Kuznetsov in TAMPA BAY zone.
5:57 of 3rd period - Shot by Gustav Nyquist.
5:57 of 3rd period - Stopped by Devan Dubnyk without a rebound.
5:58 of 3rd period - Evgeni Malkin wins face-off versus Connor McDavid in TAMPA BAY zone.
6:29 of 3rd period - Shot by Connor McDavid.
6:29 of 3rd period - Stopped by Devan Dubnyk without a rebound.
6:30 of 3rd period - Evgeny Kuznetsov wins face-off versus Alexander Wennberg in TAMPA BAY zone.
7:04 of 3rd period - Shot by Mathieu Perreault.
7:04 of 3rd period - Shot Misses the Net.
7:37 of 3rd period - Erik Gudbranson is hit by Mathieu Perreault and loses puck.
7:49 of 3rd period - Icing by Kris Russell.
7:50 of 3rd period - Derek Ryan wins face-off versus Jacob Josefson in ANAHEIM zone.
8:02 of 3rd period - Sam Reinhart is hit by John Klingberg and loses puck.
8:23 of 3rd period - Shot by Evgeny Kuznetsov.
8:23 of 3rd period - Stopped by Devan Dubnyk without a rebound.
8:24 of 3rd period - Connor McDavid wins face-off versus Alexander Wennberg in TAMPA BAY zone.
8:31 of 3rd period - Icing by Torey Krug.
8:32 of 3rd period - Evgeny Kuznetsov wins face-off versus Alexander Wennberg in TAMPA BAY zone.
8:43 of 3rd period - Shot by Elias Lindholm.
8:43 of 3rd period - Goal by Elias Lindholm - TAMPA BAY : 2 - ANAHEIM : 3.
8:44 of 3rd period - Connor McDavid wins face-off versus Evgeni Malkin in neutral zone.
8:48 of 3rd period - Shot by Mike Green.
8:48 of 3rd period - Stopped by Devan Dubnyk without a rebound.
8:49 of 3rd period - Evgeny Kuznetsov wins face-off versus Alexander Wennberg in TAMPA BAY zone.
8:54 of 3rd period - Shot by Lee Stempniak.
8:54 of 3rd period - Shot Misses the Net.
8:56 of 3rd period - Shot by Anton Stralman.
8:56 of 3rd period - Shot Misses the Net.
9:59 of 3rd period - Charlie Coyle is hit by David Perron and loses puck.
10:10 of 3rd period - Shot by Evgeni Malkin.
10:10 of 3rd period - Stopped by Cam Talbot without a rebound.
10:11 of 3rd period - Kyle Turris wins face-off versus Jacob Josefson in ANAHEIM zone.
10:49 of 3rd period - Shot by Sam Reinhart.
10:49 of 3rd period - Shot Blocked by Mark Streit.
11:21 of 3rd period - Shot by Gustav Nyquist.
11:21 of 3rd period - Shot Misses the Net.
11:23 of 3rd period - Shot by Brett Ritchie.
11:23 of 3rd period - Stopped by Devan Dubnyk without a rebound.
11:24 of 3rd period - Evgeny Kuznetsov wins face-off versus Evgeni Malkin in TAMPA BAY zone.
11:33 of 3rd period - Lee Stempniak is hit by Charlie Coyle.
11:34 of 3rd period - Icing by Lee Stempniak.
11:35 of 3rd period - Derek Ryan wins face-off versus Evgeny Kuznetsov in ANAHEIM zone.
12:02 of 3rd period - Shot by Nick Ritchie.
12:02 of 3rd period - Shot Misses the Net.
12:45 of 3rd period - Minor Penalty to David Perron for Interference.
12:46 of 3rd period - Alexander Wennberg wins face-off versus Benoit Pouliot in ANAHEIM zone.
12:59 of 3rd period - Shot by Alexander Wennberg.
12:59 of 3rd period - Stopped by Cam Talbot without a rebound.
13:00 of 3rd period - Connor McDavid wins face-off versus Evgeni Malkin in ANAHEIM zone.
13:18 of 3rd period - Off-side.
13:19 of 3rd period - Connor McDavid wins face-off versus Alexander Wennberg in neutral zone.
13:28 of 3rd period - Shot by Matt Niskanen.
13:28 of 3rd period - Shot Misses the Net.
13:40 of 3rd period - Shot by Alexander Wennberg.
13:40 of 3rd period - Shot Blocked by Karl Alzner.
14:30 of 3rd period - Shot by John Klingberg.
14:30 of 3rd period - Stopped by Cam Talbot without a rebound.
14:31 of 3rd period - Lee Stempniak wins face-off versus Evgeni Malkin in ANAHEIM zone.
14:52 of 3rd period - Shot by Brendan Perlini.
14:52 of 3rd period - Shot Misses the Net.
14:54 of 3rd period - Shot by Brendan Perlini.
14:54 of 3rd period - Shot Misses the Net.
15:04 of 3rd period - Shot by Derek Ryan.
15:04 of 3rd period - Stopped by Cam Talbot without a rebound.
15:05 of 3rd period - Evgeni Malkin wins face-off versus Andrew Shaw in ANAHEIM zone.
15:16 of 3rd period - Shot by Evgeni Malkin.
15:16 of 3rd period - Stopped by Cam Talbot without a rebound.
15:17 of 3rd period - Jacob Josefson wins face-off versus Alexander Wennberg in ANAHEIM zone.
15:17 of 3rd period - Jacob Josefson is hit by Alexander Wennberg.
15:57 of 3rd period - Shot by Sam Reinhart.
15:57 of 3rd period - Shot Blocked by John Klingberg.
16:11 of 3rd period - Shot by Connor McDavid.
16:11 of 3rd period - Shot Blocked by John Klingberg.
16:13 of 3rd period - Shot by Michael Frolik.
16:13 of 3rd period - Deflect By Connor McDavid.
16:13 of 3rd period - Shot Blocked by John Klingberg.
16:15 of 3rd period - Shot by Connor McDavid.
16:15 of 3rd period - Shot Blocked by Andrej Sekera.
16:17 of 3rd period - Shot by Ben Lovejoy.
16:17 of 3rd period - Shot Misses the Net.
16:25 of 3rd period - Shot by Connor McDavid.
16:25 of 3rd period - Stopped by Devan Dubnyk without a rebound.
16:26 of 3rd period - Evgeny Kuznetsov wins face-off versus Kyle Turris in TAMPA BAY zone.
16:36 of 3rd period - Icing by Torey Krug.
16:37 of 3rd period - Connor McDavid wins face-off versus Kyle Turris in TAMPA BAY zone.
16:38 of 3rd period - Shot by Ben Lovejoy.
16:38 of 3rd period - Stopped by Devan Dubnyk without a rebound.
16:39 of 3rd period - Evgeni Malkin wins face-off versus Connor McDavid in TAMPA BAY zone.
17:12 of 3rd period - Connor McDavid is hit by Torey Krug.
17:14 of 3rd period - Shot by David Perron.
17:14 of 3rd period - Stopped by Devan Dubnyk without a rebound.
17:15 of 3rd period - Evgeny Kuznetsov wins face-off versus Kyle Turris in TAMPA BAY zone.
17:28 of 3rd period - Shot by Thomas Vanek.
17:28 of 3rd period - Shot Misses the Net.
19:13 of 3rd period - TAMPA BAY, Devan Dubnyk is pulled from the net.
19:35 of 3rd period - Shot by Evgeni Malkin.
19:35 of 3rd period - Stopped by Cam Talbot without a rebound.
19:36 of 3rd period - Connor McDavid wins face-off versus Evgeni Malkin in ANAHEIM zone.
19:36 of 3rd period - Connor McDavid is hit by Elias Lindholm.
Goals for this period are 1 for TAMPA BAY vs 1 for ANAHEIM.
Shots for this period are 8 for TAMPA BAY vs 14 for ANAHEIM.